 Dungeon Crawl Stone Soup version 0.31.0-32-g396128a36d (webtiles) character file.

Game seed: 7650263083292448079

10859 spaghetti the Necromancer (level 11, -1/139 HPs)
             Began as a Naga Chaos Knight on Mar 11, 2024.
             Was a Plaything of Xom.
             Slain by a wraith (10 damage)
             ... on level 10 of the Dungeon.
             The game lasted 00:18:16 (11086 turns).

spaghetti the Necromancer (Naga Chaos Knight)      Turns: 11086, Time: 00:18:17

Health: -1/139     AC: 25    Str: 17    XL:     11   Next: 68%
Magic:  20/20      EV:  1    Int: 23    God:    Xom [.*....]
Gold:   619        SH:  0    Dex: 14    Spells: 11/23 levels left

rFire   . . .        k - +5 glaive of the Guard {elec, spectral}
rCold   . . .        (shield currently unavailable)
rNeg    . . .        r - melded +2 leather armour {rF+}
rPois   +            I - melded -2 hat of the Alchemist {rElec rPois rF+ rC+ rN+ Will+ rMut rCorr}
rElec   .            (cloak currently unavailable)
rCorr   .            i - melded +1 pair of gloves
SInv    +            m - melded -1 barding of the Nexus {rPois rN+ Slay+3}
Will    ++...        l - amulet of magic regeneration
Stlth   +            g - ring of wizardry
HPRegen 0.43/turn    d - +6 ring of dexterity
MPRegen 0.57/turn

%: wizardry (x1)
@: tree-form, death channelling, slowed, very slow
A: stationary, stasis, torment immunity, boosted hp, AC +3, large, see
invisible, (deformed body), (poison resistance), (slowness 2), spit poison 1,
(naga tail 1), (horns 2), (iridescent scales 2), clever 2, (cold resistance 1),
strong-willed 1, strong 1, wild magic 1, (heat vulnerability 1), MP-powered
wands
a: Spit Poison, Renounce Religion


You were on level 10 of the Dungeon.
You worshipped Xom.
You were a plaything of Xom.
You were a tree.
You visited 1 branch of the dungeon, and saw 10 of its levels.
You also visited: Bailey.

You collected 619 gold pieces.

Inventory:

Hand Weapons
 a - a +0 spear of chaos
 e - a +1 vampiric dagger
 j - a +3 hand axe of venom
 k - the +5 glaive of the Guard (weapon) {elec, spectral}
   (You found it in a bailey)
Armour
 b - a +2 leather armour
 i - a +1 pair of gloves (melded)
 m - the -1 barding of the Nexus (melded) {rPois rN+ Slay+3}
   (Xom gifted it to you on level 4 of the Dungeon)

   Slay+3:    It affects your accuracy & damage with ranged weapons and melee
   (+3).
   rPois:     It protects you from poison rN+: It protects you from negative
   energy.
 r - a +2 leather armour of fire resistance (melded)
 I - the -2 hat of the Alchemist (melded) {rElec rPois rF+ rC+ rN+ Will+ rMut rCorr}
   (Xom gifted it to you on level 10 of the Dungeon)

   rF+:       It protects you from fire.
   rC+:       It protects you from cold.
   rElec:     It insulates you from electricity.
   rPois:     It protects you from poison rN+: It protects you from negative
   energy.
   Will+:     It increases your willpower.
   rCorr:     It protects you from acid and corrosion.
   rMut:      It protects you from mutation.
 J - a +2 hat
Jewellery
 d - a +6 ring of dexterity (right branch)
 g - a ring of wizardry (left branch)
 l - an amulet of magic regeneration (around neck)
 B - a ring of wizardry
Wands
 f - a wand of roots (12)
 h - a wand of digging (7)
 s - a wand of charming (32)
 u - a wand of polymorph (12)
Scrolls
 c - 3 scrolls of fog
 n - a scroll of brand weapon
 p - a scroll of enchant weapon
 x - 2 scrolls of vulnerability
 y - 2 scrolls of noise
 C - a scroll of identify
 D - a scroll of summoning {unknown}
 H - a scroll of revelation
Potions
 q - a potion of magic
 z - a potion of enlightenment
 E - a potion of degeneration {unknown}
 F - a potion of mutation {unknown}
 G - a potion of attraction {unknown}
Miscellaneous
 o - a condenser vane


   Skills:
 - Level 4.4 Fighting
 - Level 3.0 Short Blades
 - Level 1.8(3.8) Axes
 - Level 5.3(5.5) Polearms
 - Level 1.5 Armour
 - Level 0.7 Dodging
 + Level 6.6 Spellcasting
 - Level 15.0 Necromancy


You had 11 spell levels left.
You knew the following spells:

 Your Spells              Type           Power      Damage    Failure   Level
a - Animate Dead          Necr           79%        N/A       1%          4
b - Death Channel         Necr           39%        N/A       1%          6
c - Blink                 Tloc           18%        N/A       7%          2

Your spell library contained the following spells:

 Spells                   Type           Power      Damage    Failure   Level
 Foxfire                  Conj/Fire      36%        2x1d5     5%          1
 Magic Dart               Conj           36%        1d4       5%          1
 Slow                     Hex            36%        N/A       5%          1
 Borgnjor's Vile Clutch   Necr/Erth      26%        N/A       6%          5
 Call Imp                 Summ           18%        N/A       7%          2
 Lesser Beckoning         Tloc           18%        N/A       7%          2
 Momentum Strike          Conj/Tloc      18%        3d8       7%          2
 Static Discharge         Conj/Air       18%        3-4/arc   7%          2
 Frozen Ramparts          Ice            18%        1d3       13%         3
 Airstrike                Air            4%         2d(1-17)  38%         4
 Leda's Liquefaction      Alch/Erth      4%         N/A       38%         4
 Petrify                  Alch/Erth      9%         N/A       38%         4
 Summon Lightning Spire   Summ/Air       9%         N/A       38%         4
 Metabolic Englaciation   Hex/Ice        4%         N/A       69%         5
 Plasma Beam              Fire/Air       4%         2x1d14    99%         6
 Starburst                Conj/Fire      4%         6d4       99%         6


Dungeon Overview and Level Annotations

Branches:
Dungeon (10/15)            Temple (0/1) D:7          Bailey (visited)
   Lair: D:8-11         Orc: D:9-12

Altars:
Ashenzari
Hepliaklqana
Kikubaaqudgha
Makhleb
Nemelex Xobeh
Okawaru
Qazlal
Sif Muna
Vehumet
Zin

Shops:
D:1 (   D:9 (


Innate Abilities, Weirdness & Mutations

You are a tree.
Your roots penetrate the ground, keeping you stationary.
You cannot be teleported.
You are immune to unholy pain and torment.
Your maximum health is greatly increased.
Your equipment is partially melded.
((Your serpentine skin is tough. (AC +3)))
You have supernaturally acute eyesight. (SInv)
((Armour fits poorly on your strangely shaped body.))
((Your system is resistant to poisons. (rPois)))
((You cover ground very slowly.))
You can spit poison.
((You have a snake-like lower body.))
((You have a pair of horns on your head.))
((You are mostly covered in iridescent scales. (AC +4)))
Your mind is very acute. (Int +8, Str/Dex -2)
((Your flesh is cold resistant. (rC+)))
You are strong-willed. (Will+)
Your muscles are strong. (Str +4, Int/Dex -1)
Your spells are a little harder to cast, but a little more powerful.
((You are vulnerable to heat. (rF-)))
You expend magic power (3 MP) to strengthen your wands.


Message History

Reach: k) +5 glaive of the Guard {elec, spectral}
Press: ? - help, Dir - move target, f/p - tengu warrior
Aim: a tengu warrior, wielding a +0 battleaxe and wearing a +0 leather armour (almost dead, about 61% to evade the +5 glaive of the Guard)
You reach to attack!
You miss the tengu warrior.
The tengu warrior is almost dead.
Something closely misses the tengu warrior.
The vampire mosquito bites you but does no damage.
The wraith hits you.
* * * LOW HITPOINT WARNING * * *
The wraith drains your vigour!
You feel yourself slow down.
The vampire mosquito bites you but does no damage.
The arrow hits your yak zombie!
You hear a shout!
You hear a bellow!
You hear two shouts!
You hear a shout!
You feel better.
The vampire mosquito bites you but does no damage.
The arrow barely misses your yak zombie.
An arrow appears from out of your range of vision.
The vampire mosquito bites you but does no damage.
The wraith hits you but does no damage.
The vampire mosquito bites you but does no damage.
The wraith hits you but does no damage.
Reach: k) +5 glaive of the Guard {elec, spectral}
Press: ? - help, Dir - move target, f - wraith
Aim: a wraith (about 37% to evade the +5 glaive of the Guard)
Okay, then.
You slice the wraith!!
The wraith is severely damaged.
The vampire mosquito bites you!
* * * LOW HITPOINT WARNING * * *
The vampire mosquito draws strength from your injuries!
An arrow appears from out of your range of vision.
The arrow hits your yak zombie.
The vampire mosquito bites you but does no damage.
An arrow appears from out of your range of vision.
The arrow hits your yak zombie. The vampire mosquito bites you!
* * * LOW HITPOINT WARNING * * *
The vampire mosquito draws strength from your injuries!
The wraith hits you!
You die...
Xom thinks this is hilarious!

#.####Z###Z# #Z# #.#
#Z.....ZZ.####Z#######
#Z#
.......).ZZZ.Z.......#
#Z#
.###################.#
#Z# .# ♣.♣ ♣.♣ #.♣
♣.#.# #Z# .#♣
♣[♣#♣.♣.♣#..
..#.####Z# .#.♣♣♣.ZW♣
♣.... ..#..Z.Z.#
.#♣.♣.♣#♣.♣
♣#ZW♣..#..##### .#
♣.♣♣ ♣.♣ ♣♣♣ #..# .#
♣Z♣ Q# ♣y♣ #..# .#♣♣.♣
♣ ♣.♣ #..# Z#♣Z♣♣♣#
♣.♣ #.)# Z#Z♣♣..# ♣.♣
#..##


Z#ZZZ♣Z# ... #...## Z#♣♣♣♣Z# ♣... #....# Z#♣ ♣Z♣# ♣...♣#....# ..♣ ♣♣Z#
♣...♣..Z#.# You could see a wraith (ally target), a vampire mosquito and a
friendly yak zombie.

Vanquished Creatures
  Gastronok (D:10)
  3 two-headed ogres
  A deep elf pyromancer (Bailey)
  An orc knight (Bailey)
  A gargoyle (D:10)
  Psyche (D:8)
  A troll (D:10)
  4 yaks (D:10)
  A wraith (D:10)
  A wyvern (D:9)
  A steam dragon (D:10)
  3 water moccasins
  3 acid dragons (D:10)
  6 orc warriors (Bailey)
  2 ogres
  A sky beast (D:8)
  2 ice beasts
  4 black bears
  4 centaurs
  A phantom (D:5)
  7 kobold brigands
  A gnoll sergeant (D:5)
  A bullfrog (D:7)
  5 killer bees (D:10)
  A howler monkey (D:10)
  2 bombardier beetles
  5 jellies
  A hound (D:4)
  6 orc priests
  Jessica (D:3)
  2 sleepcaps
  3 iguanas
  5 orc wizards
  An ice beast zombie (D:8)
  11 gnolls
  6 adders
  2 ufetubi (D:5)
  A dart slug (D:3)
  39 orcs
  5 endoplasms
  5 giant cockroaches
  5 goblins
  5 hobgoblins
  3 jackals (D:2)
  4 quokkas
  9 ball pythons
  7 bats
  5 frilled lizards
  27 kobolds
  A kobold zombie (D:8)
  An orc zombie (D:8)
  3 rats
222 creatures vanquished.

Vanquished Creatures (collateral kills)
  A two-headed ogre (D:9)
  Jeremiah (D:8)
  A yak (D:10)
  A basilisk (D:10)
  A killer bee (D:10)
  A jelly (D:5)
  A gnoll bouda (D:10)
  An orc wizard (D:6)
  A gnoll (D:10)
  A white imp (D:8)
  5 orcs
  13 kobolds
28 creatures vanquished.

Vanquished Creatures (others)
  2 yak zombies (D:10)
  An orc wizard (D:6)
  A white imp (D:6)
  A jelly zombie (D:5)
  A gnoll zombie (D:10)
  12 kobold zombies
  13 orc zombies
  A spectral weapon (D:10)
32 creatures vanquished.

Grand Total: 282 creatures vanquished

Notes
Turn   | Place    | Note
-------+----------+-------------------------------------------
     0 | D:1      | spaghetti the Naga Chaos Knight began the quest for the
                  | Orb.
     0 | D:1      | Reached XP level 1. HP: 21/21 MP: 1/1
    65 | D:1      | XOM: silly message
   145 | D:1      | Reached skill level 1 in Short Blades
   151 | D:1      | Found a faded altar of an unknown god.
   157 | D:1      | Reached XP level 2. HP: 27/28 MP: 2/2
   268 | D:1      | Found Kassah's Weapon Shoppe.
   273 | D:1      | XOM: potion effect (berserk rage)
   275 | D:1      | Reached XP level 3. HP: 34/34 MP: 3/3
   293 | D:1      | XOM: smoke on damage
   498 | D:1      | XOM: divination: detect items
   714 | D:2      | XOM: cleaving
   718 | D:2      | XOM: give mutations
   718 | D:2      | Gained mutation: You are vulnerable to heat. (rF-) [Xom's
                  | mischief]
   718 | D:2      | Gained mutation: Your magical capacity is low. (-10% MP)
                  | [Xom's mischief]
   718 | D:2      | Gained mutation: You are partially covered in iridescent
                  | scales. (AC +2) [Xom's mischief]
   718 | D:2      | Gained mutation: You can exhale a cloud of poison. [Xom's
                  | mischief]
   857 | D:2      | XOM: confusion (+ monsters)
   858 | D:2      | Reached XP level 4. HP: 36/42 MP: 3/3
   984 | D:2      | XOM: divination: detect items
  1054 | D:2      | XOM: 1-stop teleportation journey
  1421 | D:2      | XOM: cloud trail
  1461 | D:3      | Noticed Jessica
  1470 | D:3      | Killed Jessica
  1501 | D:3      | XOM: butterfly on damage
  1506 | D:3      | Reached skill level 1 in Axes
  1506 | D:3      | Reached skill level 1 in Spellcasting
  1506 | D:3      | Reached XP level 5. HP: 34/50 MP: 4/6
  1532 | D:3      | XOM: 1-stop teleportation journey
  1550 | D:3      | XOM: silly message
  1658 | D:3      | XOM: 2-stop teleportation journey
  1690 | D:3      | XOM: cast spell 'Summon Hydra'
  1837 | D:3      | XOM: give mutations
  1837 | D:3      | Gained mutation: Your spells are a little harder to cast,
                  | but a little more powerful. [Xom's grace]
  1837 | D:3      | Gained mutation: Your mind is acute. (Int +4, Str/Dex -1)
                  | [Xom's grace]
  1837 | D:3      | Gained mutation: Your flesh is cold resistant. (rC+) [Xom's
                  | grace]
  1837 | D:3      | Gained mutation: You possess an exceptional clarity of
                  | mind. [Xom's grace]
  2061 | D:3      | XOM: give mutations
  2061 | D:3      | Gained mutation: You expend magic power (3 MP) to
                  | strengthen your wands. [Xom's grace]
  2061 | D:3      | Gained mutation: Your flesh is very cold resistant. (rC++)
                  | [Xom's grace]
  2061 | D:3      | Gained mutation: You are strong-willed. (Will+) [Xom's
                  | grace]
  2061 | D:3      | Gained mutation: Your muscles are strong. (Str +4, Int/Dex
                  | -1) [Xom's grace]
  2068 | D:3      | Learned a level 4 spell: Animate Dead
  2336 | D:4      | Found an iron altar of Okawaru.
  2504 | D:4      | Identified the -1 barding of the Nexus {rPois rN+ Slay+3}
                  | (Xom gifted it to you on level 4 of the Dungeon)
  2504 | D:4      | XOM: god gift: -1 barding of the Nexus {rPois rN+ Slay+3}
  2608 | D:4      | Reached XP level 6. HP: 58/58 MP: 7/7
  2616 | D:4      | XOM: 3-stop teleportation journey
  2664 | D:4      | XOM: smoke on damage
  2672 | D:4      | Reached skill level 1 in Necromancy
  2781 | D:4      | XOM: scenery: 1 doors open
  2788 | D:4      | Reached skill level 2 in Necromancy
  3181 | D:4      | Reached skill level 3 in Necromancy
  3211 | D:4      | XOM: give mutations
  3211 | D:4      | Lost mutation: You can exhale a cloud of poison. [Xom's
                  | mischief]
  3211 | D:4      | Lost mutation: You possess an exceptional clarity of mind.
                  | [Xom's mischief]
  3211 | D:4      | Lost mutation: Your muscles are strong. (Str +4, Int/Dex
                  | -1) [Xom's mischief]
  3536 | D:5      | Entered Level 5 of the Dungeon
  3547 | D:5      | Noticed a water moccasin
  3548 | D:5      | XOM: enchant monster (bad)
  3550 | D:5      | XOM: confuse monster(s)
  3551 | D:5      | Reached skill level 4 in Necromancy
  3551 | D:5      | Reached XP level 7. HP: 52/66 MP: 8/8
  3552 | D:5      | XOM: divination: detect items
  3556 | D:5      | XOM: divination: magic mapping
  3563 | D:5      | XOM: enchant monster (good)
  3568 | D:5      | Reached skill level 5 in Necromancy
  4145 | D:5      | Reached skill level 6 in Necromancy
  4277 | D:5      | XOM: 3-stop teleportation journey
  4419 | D:5      | XOM: summons 1 hostile demon
  4457 | D:5      | XOM: noise
  4460 | D:5      | Reached XP level 8. HP: 54/73 MP: 9/9
  4550 | D:5      | XOM: give mutations
  4550 | D:5      | Lost mutation: Your flesh is very cold resistant. (rC++)
                  | [Xom's mischief]
  4550 | D:5      | Gained mutation: You have a pair of small horns on your
                  | head. [Xom's mischief]
  4550 | D:5      | Gained mutation: You have a pair of horns on your head.
                  | [Xom's mischief]
  4590 | D:5      | Reached skill level 7 in Necromancy
  4649 | D:5      | XOM: god gift: spear {god gift}
  4756 | D:5      | XOM: give mutations
  4756 | D:5      | Lost mutation: Your magical capacity is low. (-10% MP)
                  | [Xom's grace]
  4756 | D:5      | Gained mutation: You are agile. (Dex +4, Str/Int -1) [Xom's
                  | grace]
  4756 | D:5      | Gained mutation: You are mostly covered in iridescent
                  | scales. (AC +4) [Xom's grace]
  4829 | D:5      | Learned a level 6 spell: Death Channel
  5088 | D:6      | Found a sparkling altar of Nemelex Xobeh.
  5088 | D:6      | Found a broken altar of Ashenzari.
  5089 | D:6      | Found a glowing silver altar of Zin.
  5207 | D:6      | Found a hazy altar of Hepliaklqana.
  5247 | D:6      | Reached skill level 8 in Necromancy
  5417 | D:6      | XOM: fake destruction
  5420 | D:6      | XOM: polymorph ice beast -> hobgoblin
  5445 | D:6      | XOM: give mutation
  5445 | D:6      | Gained mutation: Your mind is very acute. (Int +8, Str/Dex
                  | -2) [Xom's grace]
  5752 | D:6      | XOM: god gift: +2 dagger of chaos
  5948 | D:7      | Found a flagged portal.
  5968 | Bailey   | Entered a bailey
  5994 | Bailey   | Reached skill level 9 in Necromancy
  6148 | Bailey   | Reached XP level 9. HP: 78/79 MP: 5/11
  6156 | Bailey   | Noticed an orc knight
  6157 | Bailey   | XOM: scenery: 2 doors close
  6173 | Bailey   | Killed an orc knight
  6174 | Bailey   | Reached skill level 10 in Necromancy
  6398 | Bailey   | Reached skill level 11 in Necromancy
  6441 | Bailey   | Found a large runed translucent door.
  6441 | Bailey   | Found a large runed translucent door.
  6441 | Bailey   | XOM: 3-stop teleportation journey
  6580 | Bailey   | XOM: god gift: wand of digging (7)
  6607 | Bailey   | Noticed a deep elf pyromancer
  6609 | Bailey   | Found the +5 glaive of the Guard {elec, spectral}
  6694 | Bailey   | Killed a deep elf pyromancer
  6993 | Bailey   | Learned a level 2 spell: Blink
  7095 | D:7      | XOM: god gift: scroll labelled IPNELU QEUNIEL {god gift}
  7187 | D:7      | Found a staircase to the Ecumenical Temple.
  7202 | D:7      | Reached skill level 5 in Spellcasting
  7317 | D:7      | Reached XP level 10. HP: 87/87 MP: 17/17
  7366 | D:7      | XOM: cloud trail
  7432 | D:7      | XOM: 2-stop teleportation journey
  7471 | D:7      | XOM: noise
  7985 | D:8      | XOM: chaos upgrade
  7986 | D:8      | Reached skill level 5 in Polearms
  8203 | D:8      | XOM: give mutations
  8203 | D:8      | Gained mutation: You can exhale a cloud of poison. [Xom's
                  | grace]
  8203 | D:8      | Gained mutation: Your muscles are strong. (Str +4, Int/Dex
                  | -1) [Xom's grace]
  8203 | D:8      | Gained mutation: You are resistant to electric shocks.
                  | (rElec) [Xom's grace]
  8220 | D:8      | Found a burning altar of Makhleb.
  8248 | D:8      | Found a stormy altar of Qazlal.
  8257 | D:8      | Noticed Psyche
  8261 | D:8      | XOM: confusion (+ monsters)
  8263 | D:8      | Killed Psyche
  8302 | D:8      | XOM: summons 6 hostile demons
  8370 | D:8      | Noticed Jeremiah
  8378 | D:8      | Killed Jeremiah
  8616 | D:8      | XOM: summons 4 hostile demons
  8857 | D:8      | XOM: summons 6 hostile demons
  8874 | D:8      | XOM: draining
  8935 | D:8      | XOM: give mutations
  8935 | D:8      | Lost mutation: You can exhale a cloud of poison. [Xom's
                  | mischief]
  8935 | D:8      | Lost mutation: You are agile. (Dex +4, Str/Int -1) [Xom's
                  | mischief]
  9004 | D:8      | XOM: confusion
  9188 | D:8      | XOM: summons 2 hostile demons
  9373 | D:9      | Noticed a two-headed ogre
  9373 | D:9      | XOM: confuse monster(s)
  9378 | D:9      | Killed a two-headed ogre
  9379 | D:9      | Reached skill level 12 in Necromancy
  9424 | D:9      | XOM: silly message
  9439 | D:9      | Noticed a two-headed ogre
  9445 | D:9      | Killed a two-headed ogre
  9641 | D:9      | Noticed a two-headed ogre
  9641 | D:9      | XOM: destruction
  9643 | D:9      | Killed a two-headed ogre
  9644 | D:9      | Reached skill level 13 in Necromancy
  9644 | D:9      | Reached XP level 11. HP: 93/93 MP: 20/20
  9684 | D:9      | Found Xotyerph's Antique Weapon Emporium.
  9718 | D:9      | XOM: god gift: +0 battleaxe of chaos
  9751 | D:9      | XOM: stat loss: -1 Int (22/23)
  9786 | D:9      | XOM: 3-stop teleportation journey
  9852 | D:9      | XOM: stat loss: -1 Dex (13/14)
 10052 | D:10     | Entered Level 10 of the Dungeon
 10053 | D:10     | Noticed a two-headed ogre
 10059 | D:10     | Killed a two-headed ogre
 10405 | D:9      | XOM: give mutation
 10405 | D:9      | Lost mutation: You are resistant to electric shocks.
                  | (rElec) [Xom's mischief]
 10501 | D:10     | Reached skill level 14 in Necromancy
 10627 | D:10     | Found an ancient bone altar of Kikubaaqudgha.
 10628 | D:10     | Found a shimmering blue altar of Sif Muna.
 10630 | D:10     | Found a radiant altar of Vehumet.
 10635 | D:10     | Got Sif Muna's Parchment of Guile
 10843 | D:10     | XOM: god gift: -2 hat of the Alchemist {rElec rPois rF+ rC+
                  | rN+ Will+ rMut rCorr}
 10844 | D:10     | Found the -2 hat of the Alchemist {rElec rPois rF+ rC+ rN+
                  | Will+ rMut rCorr}
 10853 | D:10     | Noticed Gastronok
 10860 | D:10     | Killed Gastronok
 10877 | D:10     | XOM: draining
 11031 | D:10     | XOM: scenery: summon butterflies
 11035 | D:10     | Reached skill level 15 in Necromancy
 11064 | D:10     | Noticed a tengu warrior
 11086 | D:10     | Slain by a wraith

Illustrated notes

Levels and vault maps discovered:
D:1:      tarquinn_simple_flora_water_b, layout_loops_ring, serial_shops,
          nicolae_shop_bloodbath_and_beyond, nicolae_ecumenical_snake_handling
D:2:      layout_basic
D:3:      layout_loops_ring, uniq_jessica
D:4:      layout_gridville, mainiacjoe_overflow_cross_hatched
D:5:      layout_gridville
D:6:      layout_loops_ring, lemuel_tele_altar,
          chequers_temple_overflow_statue_of_worship
D:7:      layout_loops_ring, minmay_temple_entry_slanted, enter_bailey_2
D:8:      layout_layer_cave, nicolae_overflow_hidden_temple,
          nicolae_qazlal_style_of_elements, uniq_psyche, uniq_jeremiah
D:9:      layout_loops_ring, serial_shops, nicolae_shop_tiny_glass
D:10:     nzn_winding_woodlands_medium [nzn_winding_woodlands_hourglass,
          nzn_winding_woodlands_5x15_default, nzn_winding_woodlands_5x5_cross,
          nzn_winding_woodlands_5x5_checkerboard,
          nzn_winding_woodlands_center_garden,
          nzn_winding_woodlands_5x5_perimeter,
          nzn_winding_woodlands_5x5_closed_star,
          nzn_winding_woodlands_5x15_jagged,
          nzn_winding_woodlands_5x5_open_star], layout_loops_ring,
          grunt_temple_overflow_magic_moments, uniq_gastronok

Skill      XL: |  1  2  3  4  5  6  7  8  9 10 11 |
---------------+----------------------------------+-----
Short Blades   | 1 2 3 |  3.0
Fighting       | 4 |  4.4
Axes           | 1 |  1.8
Spellcasting   | 1 5 6 |  6.6
Necromancy     | 4 6 9 11 13 15 | 15.0
Polearms       | 4 5 |  5.3
Armour         | |  1.5
Dodging        | |  0.7

Action                     |  1- 3 |  4- 6 |  7- 9 | 10-12 || total
---------------------------+-------+-------+-------+-------++-------
  Melee: Dagger            |    98 |       |       |       ||    98
         Spear             |     1 |       |       |       ||     1
         Hand axe          |    19 |    79 |   131 |       ||   229
         Punch             |       |     2 |     5 |       ||     7
         Headbutt          |       |       |    19 |    23 ||    42
         Glaive            |       |       |    14 |   159 ||   173
   Cast: Animate Dead      |       |       |    12 |     4 ||    16
         Death Channel     |       |       |     6 |    18 ||    24
         Blink             |       |       |       |     2 ||     2
Ability: Spit Poison       |     1 |       |    10 |       ||    11
         Breathe Poison Ga |       |    20 |       |     5 ||    25
  Evoke: Wand              |       |       |     4 |       ||     4
    Use: Potion            |       |     3 |     7 |     6 ||    16
         Scroll            |       |     6 |     7 |     2 ||    15
   Stab: Confused          |       |     1 |       |       ||     1
         Sleeping          |       |     1 |     1 |     1 ||     3
         Paralysed         |       |       |     3 |       ||     3
         Distracted        |       |       |       |     2 ||     2
 Armour: Leather armour    |    88 |    58 |   189 |   184 ||   519
         Skin              |       |       |       |    27 ||    27
  Dodge: Dodged            |    56 |    38 |    68 |    62 ||   224
